Map: [ESL] Royal Blood

Players

Elazer - Winner!

  • Race: Zerg Zerg

Ryung

  • Race: Terran Terran
  • League: Master

Event: IEM Katowice 2023

VOD

Have the link to the VOD?

Description

Time

  • Played on: Feb. 8, 2023, 3:21 p.m.
  • Length: 9:24

All games in this series

Show
View Real Time Build Order
Export as new Build Order

Elazer Zerg - Winner!

Build Orders: Hatch First 

Get SALT Encoding   

  12  0:00  Drone  
  13  0:13  Overlord  
  13  0:17  Drone  
  14  0:31  Drone x2  
  16  0:47  Hatchery  
  15  0:50  Drone  
  15  0:54  Drone  
  17  0:58  Drone  
  18  1:07  Extractor  
  17  1:12  Spawning Pool  
  17  1:15  Drone  
  17  1:19  Drone  
  18  1:29  Drone  
  19  1:39  Drone  
  20  1:50  Drone  
  21  1:59  Queen x2  
  25  2:07  Zergling x4  
  27  2:10  Drone  
  27  2:11  Overlord  
  27  2:12  Metabolic Boost  
  28  2:28  Hatchery  
  27  2:30  Drone  
  27  2:33  Drone  
  29  2:40  Queen  
  31  2:44  Drone  
  31  2:45  Drone  
  31  2:48  Overlord  
  31  2:50  Drone  
  34  2:54  Drone  
  34  2:57  Drone  
  36  3:07  Drone x4  
  36  3:09  Overlord  
  40  3:16  Queen  
  42  3:20  Queen  
  42  3:26  Overlord  
  44  3:27  Drone  
  44  3:28  Drone  
  44  3:29  Zergling x2  
  47  3:38  Drone  
  47  3:39  Drone  
  49  3:41  Queen  
  49  3:43  Drone x3  
  54  3:52  Drone x5  
  59  3:56  Queen  
  59  3:58  Overlord  
  59  4:02  Drone x2  
  63  4:07  Drone x2  
  65  4:16  Overlord x2  
  65  4:18  Queen  
  65  4:20  Drone x4  
  71  4:26  Overlord  
  71  4:28  Lair  
  71  4:34  Queen  
  71  4:36  Drone x5  
  78  4:38  Extractor  
  78  4:39  Overlord  
  77  4:46  Drone x2  
  77  4:47  Extractor  
  77  4:48  Baneling Nest  
  77  4:50  Drone x4  
  81  4:55  Spore Crawler  
  81  4:56  Overlord, Drone  
  81  5:01  Zergling x6  
  81  5:04  Spore Crawler  
  81  5:06  Extractor  
  81  5:07  Zergling x8  
  86  5:11  Overlord  
  85  5:14  Drone x2  
  87  5:23  Overlord  
  87  5:24  Spore Crawler  
  87  5:25  Drone x2  
  88  5:30  Hatchery  
  88  5:31  Evolution Chamber x2  
  88  5:33  Drone x7  
  92  5:35  Centrifugal Hooks  
  92  5:45  Zergling x10  
  97  5:57  Drone x3  
  97  5:59  Zerg Melee Weapons Level 1, Zerg Ground Armor Level 1  
  97  6:00  Burrow  
  100  6:09  Baneling x4, Hatchery  
  99  6:11  Drone x7  
  106  6:22  Overlord, Zergling x2  
  106  6:23  Pneumatized Carapace, Zergling x10  
  106  6:25  Overseer  
  112  6:29  Overlord  
  112  6:37  Drone  
  113  6:42  Zergling x8  
  115  6:49  Zergling x18  
  115  6:50  Zergling x2  
  115  6:53  Hatchery  
  124  6:57  Overlord  
  124  6:58  Zergling x2  
  124  6:59  Zergling x2  
  125  7:07  Zergling x6  
  118  7:12  Zergling x10  
  118  7:13  Baneling x9  
  122  7:15  Zergling x8  
  122  7:16  Baneling x5, Zergling x4  
  127  7:23  Baneling x9  
  127  7:24  Zergling x2  
  127  7:25  Zergling x8  
  126  7:31  Zergling x4  
  126  7:36  Baneling x8  
  112  7:39  Queen x4  
  112  7:40  Zergling x16  
  112  7:43  Zergling x4  
  117  7:45  Zergling x14  
  117  7:47  Zergling x6  
  121  7:56  Zergling x8  
  123  8:03  Zergling x6  
  125  8:11  Zergling x14  
  132  8:17  Zergling x18  
  140  8:22  Zergling x4  
  140  8:26  Zergling x2  
  140  8:27  Zergling x4  
  137  8:31  Zergling x2  
  124  8:37  Baneling x3  
  124  8:39  Zergling x18  
  124  8:40  Baneling x10, Zergling x6  
  134  8:45  Zergling x2  
  135  8:51  Zergling x24  
  135  8:54  Overlord  
  135  8:55  Baneling x9  
  146  8:58  Overlord  
  146  9:02  Zergling x10  
  147  9:07  Zergling x2  
Show
View Real Time Build Order
Export as new Build Order

Ryung Terran 

Build Orders: Reaper Expand 

Get SALT Encoding   

  12  0:00  SCV  
  13  0:12  SCV  
  14  0:17  Supply Depot  
  14  0:24  SCV  
  15  0:38  SCV  
  15  0:40  Barracks  
  16  0:43  Refinery  
  16  0:50  SCV  
  17  1:02  SCV  
  18  1:14  SCV  
  19  1:27  Orbital Command, Reaper  
  20  1:37  Command Center  
  20  1:46  Supply Depot  
  20  1:53  SCV  
  21  1:58  Marine  
  22  2:05  SCV  
  22  2:08  Factory  
  23  2:17  SCV  
  23  2:21  Barracks Reactor  
  24  2:29  SCV  
  25  2:36  Command Center  
  24  2:41  SCV  
  25  2:49  Orbital Command  
  25  2:53  SCV  
  26  3:00  Starport  
  26  3:05  SCV, Refinery  
  27  3:07  Hellion  
  27  3:11  Hellion  
  27  3:12  Barracks Tech Lab  
  31  3:16  SCV  
  31  3:18  SCV  
  33  3:28  SCV, Hellion  
  33  3:30  SCV  
  33  3:33  Hellion  
  39  3:36  Viking  
  39  3:39  Marine  
  42  3:41  SCV  
  42  3:42  SCV  
  44  3:49  Orbital Command  
  44  3:52  Stimpack  
  44  3:53  Hellion  
  47  3:55  SCV  
  47  3:58  SCV  
  47  4:00  Hellion  
  50  4:07  Supply Depot  
  50  4:08  SCV  
  51  4:10  SCV  
  51  4:13  Starport Reactor  
  51  4:15  SCV  
  53  4:20  SCV  
  53  4:22  SCV  
  55  4:25  Barracks x2  
  55  4:27  Factory Reactor  
  55  4:31  Orbital Command  
  56  4:33  SCV  
  56  4:34  SCV  
  56  4:35  Engineering Bay  
  56  4:37  Engineering Bay  
  57  4:40  Marine  
  57  4:44  Supply Depot  
  57  4:45  SCV  
  59  4:46  SCV  
  60  4:53  Barracks  
  60  4:57  SCV, Starport Reactor  
  60  4:58  Marine, SCV  
  60  4:59  Barracks  
  63  5:01  SCV  
  63  5:02  Refinery  
  64  5:09  SCV  
  64  5:10  SCV  
  64  5:12  Supply Depot  
  64  5:13  Terran Infantry Weapons Level 1  
  66  5:14  Terran Infantry Armor Level 1  
  66  5:15  Marine, SCV  
  66  5:19  Factory Reactor  
  66  5:21  SCV  
  69  5:22  SCV  
  69  5:23  Marine x3, Supply Depot  
  69  5:24  Marine  
  74  5:30  SCV  
  74  5:33  SCV  
  74  5:34  SCV  
  74  5:35  Supply Depot  
  77  5:36  Combat Shield  
  77  5:40  Refinery  
  77  5:42  SCV  
  78  5:43  Barracks Reactor  
  78  5:44  Medivac  
  78  5:48  Marine x3  
  78  5:49  Marine x4  
  87  5:51  SCV x2  
  87  5:55  Medivac  
  92  6:04  SCV x3, Supply Depot x2  
  92  6:06  Supply Depot, Hellion  
  92  6:09  Hellion  
  98  6:13  Marine  
  98  6:14  Marine x2  
  101  6:24  Armory  
  101  6:25  Marine x4  
  101  6:27  Medivac x2  
  101  6:28  Hellion  
  101  6:29  SCV  
  101  6:31  SCV, Hellion  
  115  6:34  Marine  
  115  6:35  Marine x2  
  115  6:36  Marine x2  
  120  6:43  Marine  
  121  6:49  Marine x3  
  121  6:52  Marine  
  125  6:58  Marine x4  
  125  7:04  Supply Depot, Hellion  
  125  7:05  Supply Depot  
  123  7:09  Marine  
  123  7:10  Marine x2  
  123  7:11  Marine x2  
  123  7:13  Medivac, Hellion  
  118  7:16  Marine x4  
  121  7:27  Marine  
  121  7:28  Marine x4  
  126  7:34  Marine x4  
  126  7:36  Hellion  
  88  7:45  Marine  
  88  7:46  Marine x4  
  86  7:51  Marine x2  
  86  7:52  Marine x2  
  87  8:02  Marine  
  87  8:04  Marine x4  
  92  8:07  Hellion  
  92  8:09  Marine x3  
  92  8:10  Marine  
  92  8:11  Hellion  
  100  8:20  Marine  
  100  8:22  Marine x4  
  98  8:27  Marine x4  
  87  8:38  Marine, Hellion  
  87  8:39  Marine x2  
  87  8:40  Marine x2  
  92  8:45  Marine x4  
  96  8:53  Medivac x2  
  100  8:56  Marine  
  100  8:57  Marine x4, Hellion  
  106  9:03  Marine x4  

Tags
 
Add a new tag
Caveats
  • Supply blocks, unpowered buildings, or Contaminate may cause inaccurate times.
  • Supply counts are checked every 10 seconds.